 Dungeon Crawl Stone Soup version 0.20-a0-705-gbe8799e (webtiles) character file.

869 M4edhros the Chopper (level 7, 0/96 HPs)
             Began as a Minotaur Berserker on Feb 21, 2017.
             Was a Believer of Trog.
             Slain by an ogre
             ... wielding a +0 giant club
              (22 damage)
             ... on level 6 of the Dungeon.
             The game lasted 00:02:39 (656 turns).

M4edhros the Chopper (Minotaur Berserker)            Turns: 656, Time: 00:02:40

Health: 0/96       AC:  2    Str: 27    XL:     7   Next: 73%
Magic:  6/6        EV: 14    Int:  4    God:    Trog [**....]
Gold:   130        SH:  0    Dex: 11    Spells: 6/6 levels left

rFire    . . .     SeeInvis .   a - +0 hand axe
rCold    . . .     Gourm    .   b - +0 animal skin
rNeg     . . .     Faith    .   (no shield)
rPois    .         Spirit   .   (helmet restricted)
rElec    .         Reflect  .   (no cloak)
rCorr    .         Harm     .   (no gloves)
MR       .....                  (no boots)
Stlth    ..........             (no amulet)
Regen    0.3/turn               (no ring)
MPRegen  0.1/turn               (no ring)

@: berserking, very quick
A: retaliatory headbutt, horns 2
a: Berserk, Trog's Hand, Burn Spellbooks, Renounce Religion


You were on level 6 of the Dungeon.
You worshipped Trog.
Trog was pleased with you.
You were hungry.

You visited 1 branch of the dungeon, and saw 6 of its levels.

You collected 130 gold pieces.

Inventory:

Hand Weapons
 a - a +0 hand axe (weapon)
Missiles
 l - 3 tomahawks of returning (quivered)
Armour
 b - a +0 animal skin (worn)
Jewellery
 i - an uncursed amulet of regeneration {unknown}
Wands
 p - a wand of polymorph (4/24)
Scrolls
 d - a scroll of remove curse {unknown}
 e - a scroll of teleportation {unknown}
 g - a scroll of enchant armour {unknown}
 h - a scroll of fog {unknown}
 j - a scroll of random uselessness {unknown}
 m - 2 scrolls of recharging {unknown}
 o - a scroll of enchant weapon {unknown}
Potions
 n - a potion of brilliance {unknown}
Comestibles
 c - 2 bread rations
 f - 5 fruits
 q - a meat ration


   Skills:
 + Level 6.6 Fighting
 + Level 6.8 Axes
 - Level 4.2 Armour
 + Level 5.6 Dodging


You had 6 spell levels left.
You didn't know any spells.

Dungeon Overview and Level Annotations

Branches:
Dungeon (6/15)             Temple (0/1) D:4

Altars:

Shops:
D:4 [


Innate Abilities, Weirdness & Mutations

You reflexively headbutt those who attack you in melee.
You have a pair of horns on your head.


Message History

The bullfrog hits you.
* * * LOW HITPOINT WARNING * * *
All of the chunks of flesh in your inventory have rotted away.
You slash the bullfrog! Your headbutt misses the bullfrog.
The bullfrog is severely wounded.
The bullfrog closely misses you. The bullfrog hits you.
* * * LOW HITPOINT WARNING * * *
You barely miss the bullfrog.
The bullfrog is severely wounded.
The bullfrog hits you.
* * * LOW HITPOINT WARNING * * *
You slash the bullfrog!
You kill the bullfrog!
Trog accepts your kill.
You barely miss the ogre. You headbutt the ogre!
The ogre is severely wounded.
You hit the ogre. Your headbutt misses the ogre.
The ogre is severely wounded.
The ogre hits you with a giant club!!
You die...

##. .. ## #.
####### ..
#.##...(.#
#.##..+.....+
#%....#.....###.
#....†@.<.......
#....O#########.
#...........#
#...........#
+...........#
#...........#
#.............
#............?.
#..............


You could see an ogre.

Vanquished Creatures
  Pikel (D:4)
  Menkaure (D:4)
  A sky beast (D:5)
  A bullfrog (D:6)
  An orc priest (D:3)
  A centaur skeleton (D:5)
  An orc wizard (D:4)
  An adder (D:4)
  A worm (D:3)
  2 dart slugs (D:1)
  7 orcs
  3 giant cockroaches
  4 goblins (D:2)
  2 hobgoblins (D:1)
  2 kobolds
  2 quokkas (D:2)
  2 bats (D:1)
  A frilled lizard (D:2)
  4 rats
38 creatures vanquished.

Notes
Turn   | Place    | Note
-------+----------+-------------------------------------------
     0 | D:1      | M4edhros the Minotaur Berserker began the quest for the Orb.
     0 | D:1      | Reached XP level 1. HP: 19/19 MP: 0/0
   104 | D:1      | Reached XP level 2. HP: 26/27 MP: 1/1
   300 | D:3      | Reached ** piety under Trog
   304 | D:3      | Reached XP level 3. HP: 11/33 MP: 2/2
   309 | D:3      | Reached XP level 4. HP: 14/40 MP: 3/3
   380 | D:4      | Noticed Menkaure
   386 | D:4      | Killed Menkaure
   386 | D:4      | Reached XP level 5. HP: 39/47 MP: 4/4
   390 | D:4      | Found Xapryeno's Antique Armour Shop.
   412 | D:4      | Found a staircase to the Ecumenical Temple.
   446 | D:4      | Reached skill level 5 in Axes
   511 | D:4      | Noticed Pikel
   511 | D:4      | Noticed a slave
   511 | D:4      | Noticed a slave
   512 | D:4      | Noticed a slave
   513 | D:4      | Noticed a slave
   520 | D:4      | Killed Pikel
   520 | D:4      | Reached skill level 5 in Dodging
   520 | D:4      | Reached XP level 6. HP: 37/57 MP: 5/5
   520 | D:4      | Reached XP level 7. HP: 41/63 MP: 6/6
   528 | D:5      | Entered Level 5 of the Dungeon
   656 | D:6      | Slain by an ogre

Vault maps used:
D:1:      doesnt_arrival_eight_statues
D:2:      cheibrodos_helix_gallery
D:3:      lemuel_doored_altar, first_bread, kennysheep_jessica_study
D:4:      kennysheep_big_flooded_room, temple_statues, serial_shops,
          kennysheep_mini, uniq_pikel, uniq_menkaure, uniq_eustachio
D:5:      lemuel_blue_sif_altar, uniq_blork_the_orc
D:6:      minmay_item_behind_shaft

Skill      XL: |  1  2  3  4  5 |
---------------+----------------+-----
Armour         | 3 4 |  4.2
Fighting       | 4 6 |  6.6
Axes           | 4 6 |  6.8
Dodging        | 3 5 |  5.6

Action                   |  1- 3 |  4- 6 |  7- 9 || total
-------------------------+-------+-------+-------++-------
Melee: Hand axe          |    48 |    16 |    15 ||    79
       Headbutt          |     9 |     3 |     3 ||    15
Invok: Berserk           |     1 |     3 |     2 ||     6
       Trog's Hand       |     1 |       |       ||     1
  Use: Potion            |     1 |       |       ||     1
  Eat: Chunk             |       |     2 |     2 ||     4
Armor: Animal skin       |    13 |     1 |     1 ||    15
Dodge: Dodged            |    29 |    11 |     5 ||    45
